 Dungeon Crawl Stone Soup version 0.28-a0-691-gad6df49e81 (webtiles) character file.

Game seed: 7546027215793132640

79 cheechan the Shooter (level 4, -6/40 HPs)
             Began as a Naga Hunter on Oct 21, 2021.
             Mangled by a gnoll (8 damage)
             ... on level 2 of the Dungeon.
             The game lasted 00:06:04 (1547 turns).

cheechan the Shooter (Naga Hunter)                  Turns: 1547, Time: 00:06:05

Health: -6/40      AC:  3    Str: 14    XL:     4   Next: 38%
Magic:  4/4        EV:  9    Int: 11    God:
Gold:   116        SH:  0    Dex: 13    Spells: 3/3 levels left

rFire   . . .      SeeInvis +   e - +0 dagger (venom)
rCold   . . .      Faith    .   (no shield)
rNeg    . . .      Spirit   .   c - +1 leather armour
rPois   +          Reflect  .   (no helmet)
rElec   .          Harm     .   (no cloak)
rCorr   .          Rampage  .   (no gloves)
Will    .....                   (no barding)
Stlth   ++........              (no amulet)
HPRegen 0.13/turn               (no ring)
MPRegen 0.09/turn               (no ring)

@: very slow
A: AC +1, large, see invisible, deformed body, poison resistance, slowness 2,
spit poison 1, naga tail 1
a: Spit Poison


You were on level 2 of the Dungeon.
You visited 1 branch of the dungeon, and saw 2 of its levels.

You collected 116 gold pieces.

Inventory:

Hand Weapons
 a - a +1 shortbow
 b - a +0 short sword
 e - a +0 dagger of venom (weapon)
 g - a +0 hunting sling
 k - a +0 rapier
Missiles
 d - 32 arrows
 f - 2 throwing nets (quivered)
 i - 4 stones
Armour
 c - a +1 leather armour (worn)
Potions
 h - a potion of degeneration {unknown}
 l - a potion of lignification {unknown}


   Skills:
 + Level 2.5 Fighting
 + Level 4.6 Bows
 + Level 1.0 Armour
 + Level 1.7 Dodging
 + Level 1.9 Stealth


You had 3 spell levels left.
You didn't know any spells.
Your spell library contained the following spells:

 Spells                   Type           Power      Damage    Failure   Level
 Static Discharge         Conj/Air       0%         N/A       54%         2
 Dispel Undead            Necr           0%         3d6       99%         4
 Sticky Flame             Conj/Fire      0%         2d3       99%         4


Dungeon Overview and Level Annotations

Branches:
Dungeon (2/15)

Altars:


Innate Abilities, Weirdness & Mutations

Your serpentine skin is tough. (AC +1)
You have supernaturally acute eyesight. (SInv)
Armour fits poorly on your strangely shaped body.
Your system is resistant to poisons. (rPois)
You cover ground very slowly.
You can spit poison.
You have a snake-like lower body.


Message History

The arrow hits the gnoll.
The gnoll is moderately wounded.
The gnoll hits you but does no damage.
Fire: 33 arrows
Press: ? - help, Q - select action, (/) - cycle Shift-Dir - straight line, f/p - gnoll
Aim: a gnoll, wielding a +0 club (heavily wounded, 65% to hit)
You shoot an arrow. The arrow hits the gnoll.
The gnoll is heavily wounded.
The gnoll closely misses you. The gnoll barely misses you.
Unknown command.
Okay, then.
You aren't carrying any scrolls.
Your +0 dagger of venom begins to drip with poison!
e - a +0 dagger of venom (weapon)
You hit the gnoll.
The gnoll is poisoned.
The gnoll is severely wounded.
The gnoll hits you with a +0 club. The gnoll barely misses you.
You hit the gnoll.
You kill the gnoll!
The gnoll barely misses you.
Your Armour skill increases to level 1!
You hit the gnoll.
The gnoll is heavily wounded.
The gnoll hits you with a +0 flail!
* * * LOW HITPOINT WARNING * * *
The gnoll hits you but does no damage.
You hit the gnoll.
The gnoll is poisoned.
The gnoll is heavily wounded.
The gnoll barely misses you.
The gnoll hits you with a +1 flail of holy wrath!
* * * LOW HITPOINT WARNING * * *
You hit the gnoll but do no damage.
The gnoll is severely wounded.
The gnoll hits you with a +0 flail.
* * * LOW HITPOINT WARNING * * *
The gnoll hits you but does no damage.
You barely miss the gnoll.
The gnoll is severely wounded.
The gnoll hits you with a +0 flail!
You die...

........##.### .
........##.#### #.
........##....##
...
##########.....##
#.#. #.......#
#.#. #......>#
#.......#
##.....#####
#......@g(#
#......g##(.((<...
#.............[###
#............(..(.
##.....#....######
##...##...##
######..(# #####


You could see 2 gnolls.

Vanquished Creatures
  Jessica (D:2)
  2 gnolls
  A dart slug (D:1)
  3 bats (D:1)
  4 endoplasms
  6 goblins
  4 hobgoblins
  A kobold (D:1)
  2 quokkas (D:1)
  3 ball pythons
  4 rats (D:1)
31 creatures vanquished.

Notes
Turn   | Place    | Note
-------+----------+-------------------------------------------
     0 | D:1      | cheechan the Naga Hunter began the quest for the Orb.
     0 | D:1      | Reached XP level 1. HP: 19/19 MP: 1/1
   227 | D:1      | Reached XP level 2. HP: 25/26 MP: 2/2
   430 | D:1      | Reached skill level 4 in Bows
   600 | D:1      | Found a faded altar of an unknown god.
   625 | D:1      | Reached XP level 3. HP: 32/32 MP: 3/3
  1269 | D:2      | Noticed Jessica
  1282 | D:2      | Killed Jessica
  1283 | D:2      | Reached XP level 4. HP: 20/40 MP: 4/4
  1544 | D:2      | Reached skill level 1 in Armour
  1546 | D:2      | HP: 1/40 [gnoll (3)]
  1547 | D:2      | Mangled by a gnoll

Illustrated notes

Levels and vault maps discovered:
D:1:      psy_arrival_conway, layout_rooms, basic_ecumenical_altar
D:2:      layout_rooms, serial_shops, nicolae_shop_competitors_out_of_business,
          uniq_jessica

Skill      XL: |  1  2  3  4 |
---------------+-------------+-----
Bows           | 4 |  4.6
Armour         | 1 |  1.0
Fighting       | |  2.5
Dodging        | |  1.7
Stealth        | |  1.9

Action                   |  1- 3 |  4- 6 || total
-------------------------+-------+-------++-------
Melee: Dagger            |     3 |     6 ||     9
 Fire: Shortbow          |    69 |    13 ||    82
  Use: Scroll            |     3 |       ||     3
Armor: Leather armour    |    18 |     4 ||    22
Dodge: Dodged            |    19 |     9 ||    28

Table legend: (Time is in decaauts)
 A = Elapsed time spent in this place.
 B = Non-inter-level travel time spent in this place.
 C = Inter-level travel time spent in this place.
 D = Time resting spent in this place.
 E = Time spent auto-exploring this place.
 F = Levels seen in this place.
 G = Mean time per level.
                   A        B        C        D        E       F      G
               +--------+--------+--------+--------+--------+-----+--------+
         Total |   1919 |   1919 |      0 |    477 |      0 |   2 |  959.5 |
       Dungeon |   1919 |   1919 |      0 |    477 |      0 |   2 |  959.5 |
               +--------+--------+--------+--------+--------+-----+--------+

Top non-repeatable levels by time:
     D:1: 1295 daAuts
     D:2: 623 daAuts
